 Dungeon Crawl Stone Soup version 0.16-a0-4013-gd591273 (webtiles) character file.

51 debo the Insei (level 3, 19/23 HPs)
             Began as an Octopode Transmuter on Jan 1, 2015.
             Quit the game on level 2 of the Dungeon on Feb 16, 2015.
             The game lasted 00:16:45 (2285 turns).

debo the Insei (Octopode Transmuter)                Turns: 2285, Time: 00:16:45

Health: 19/23      AC:  1    Str:  9    XL:     3   Next: 83%
Magic:  6/6        EV: 12    Int: 15    God:
Gold:   77         SH:  0    Dex: 13    Spells: 1 memorised, 5 levels left

rFire  . . .     SeeInvis .       - Unarmed
rCold  . . .     Clarity  .     (no shield)
rNeg   . . .     SustAb   .     (helmet restricted)
rPois  .         Gourm    .     (no amulet)
rElec  .         Spirit   .     (no ring)
rCorr  .         Warding  .     (no ring)
rMut   .         Stasis   .     (no ring)
MR     .....                    (no ring)
Stlth  ++........               (no ring)
                                (no ring)
                                (no ring)
                                (no ring)

@: not resistant to hostile enchantments, unstealthy
A: almost no armour, amphibious, 8 rings, constrict 8, camouflage 1, gelatinous
body 1
a: no special abilities


You were on level 2 of the Dungeon.
You were not hungry.

You visited 1 branch of the dungeon, and saw 3 of its levels.

You collected 77 gold pieces.

Inventory:

Missiles
 e - 21 stones (quivered)
 k - 32 arrows
Scrolls
 f - a scroll of amnesia {unknown}
 g - a scroll of magic mapping
 h - a scroll of identify
 i - a scroll of teleportation
 j - 3 scrolls of remove curse
Potions
 b - a potion of agility
 c - a potion of haste
 l - a potion of restore abilities {unknown}
Books
 d - a book of Changes

   Spells                             Type                      Level
   a - Beastly Appendage              Transmutation                1
   b - Sticks to Snakes               Transmutation                2
   c - Spider Form                    Transmutation/Poison         3
   d - Ice Form                       Ice/Transmutation            4
   e - Blade Hands                    Transmutation                5
Comestibles
 a - a bread ration
 m - a chunk of flesh


   Skills:
 - Level 1.0 Fighting
 - Level 2.0 Dodging
 + Level 3.8 Unarmed Combat
 - Level 2.0 Spellcasting
 + Level 3.2 Transmutations


You had 5 spell levels left.
You knew the following spells:

 Your Spells              Type           Power        Failure   Level  Hunger
a - Beastly Appendage     Trmt           ##....       8%          1    #......


Dungeon Overview and Level Annotations

Branches:
Dungeon (3/15)

Altars:
Okawaru

Annotations:
D:2 Sigmund


Innate Abilities, Weirdness & Mutations

You cannot wear most types of armour.
You are amphibious.
You can wear up to eight rings at the same time.
You can use your tentacles to constrict many enemies at once.
Your skin changes colour to match your surroundings (Stealth).
Your rubbery body absorbs attacks (AC +1).


Message History

7 stones; a hobgoblin skeleton You see here a stone.
You see here a stone.
You see here a stone.
There is an open door here.
You tentacle-slap the goblin. You grab the goblin.
The goblin is severely wounded.
You constrict the goblin.
You kill the goblin!
You hear a splash.
There is an iron altar of Okawaru here.
There is an open door here.
Level annotation: Sigmund Welcome back, debo the Octopode Transmuter.
Press ? for a list of commands and other information.
Quiver which item? (- for none, * to show all) (? for menu, Esc to quit)
Okay, then.
Quiver which item? (- for none, * to show all) (? for menu, Esc to quit)
Okay, then.
Are you sure you want to abandon this character and quit the game? (Confirm with "yes".)

# ### #.# # . ###_##
..# ...# #.≈.≈## ###
#.# ##≈.≈.# #.#
#.≈.≈## #.# ##≈.≈.#
#.# #.≈.≈## #.#
##≈.(.# #.# ####@###
#.# #.##(#.#
##.###### #.##(..#
........#####.####(#
....(.........# #(#
.#.#........### #.#
...#..#.)##.######(#
..##.##..#(....(.(.#
#.#..##..#..########


There were no monsters in sight!

Vanquished Creatures
  A gnoll (D:1)
  A giant gecko (D:2)
  An ooze (D:2)
  An orc (D:2)
  A giant cockroach (D:2)
  6 hobgoblins
  4 kobolds
  5 bats
  3 giant newts
  9 goblins
  6 rats
38 creatures vanquished.

Notes
Turn   | Place    | Note
--------------------------------------------------------------
     0 | D:1      | debo, the Octopode Transmuter, began the quest for the Orb.
     0 | D:1      | Reached XP level 1. HP: 13/13 MP: 3/3
   389 | D:1      | Reached XP level 2. HP: 8/18 MP: 2/4
  1126 | D:1      | Reached XP level 3. HP: 23/23 MP: 6/6
  1408 | D:2      | Noticed Sigmund
  1829 | D:2      | Found an iron altar of Okawaru.
  2285 | D:2      | Upgraded the game from 0.16-a0-3458-g6d2551d to 0.16-a0-4013-gd591273
  2285 | D:2      | Quit the game

Action                   || total
-------------------------++-------
Melee: Unarmed           ||    81
Throw: Stone             ||     8
 Cast: Beastly Appendage ||    12
  Use: Scroll            ||     4
       Potion            ||     1
 Stab: Sleeping          ||     5
  Eat: Chunk             ||     4
